 Dungeon Crawl Stone Soup version 0.29.1-15-g9cfb28693d (webtiles) character file.

Game seed: 11261654795241691798

1838 protoss039 the Cleaver (level 8, 0/75 HPs)
             Began as a Minotaur Berserker on Mar 1, 2023.
             Was a Priest of Trog.
             Succumbed to a gnoll sergeant's poison
             ... on level 5 of the Dungeon.
             The game lasted 00:14:17 (4805 turns).

protoss039 the Cleaver (Minotaur Berserker)         Turns: 4805, Time: 00:14:18

Health: 0/75       AC:  8    Str: 25    XL:     8   Next: 87%
Magic:  7/7        EV:  9    Int:  4    God:    Trog [***...]
Gold:   86         SH:  0    Dex:  9    Spells: 7/7 levels left

rFire   . . .      SeeInvis .   a - +0 hand axe (freeze)
rCold   . . .      Faith    .   (no shield)
rNeg    . . .      Spirit   .   n - +1 chain mail
rPois   .          Reflect  .   (helmet restricted)
rElec   .          Harm     .   (no cloak)
rCorr   .          Rampage  .   (no gloves)
Will    .....                   (no boots)
Stlth   ..........              (no amulet)
HPRegen 0.22/turn               (no ring)
MPRegen 0.10/turn               (no ring)

@: lethally poisoned (0 -> -7), corroded, on berserk cooldown, slowed, very slow
A: horns 2, retaliatory headbutt
a: Renounce Religion, Berserk, Trog's Hand


You were on level 5 of the Dungeon.
You worshipped Trog.
Trog was most pleased with you.
You visited 1 branch of the dungeon, and saw 5 of its levels.
You also visited: Ossuary.

You collected 352 gold pieces.
You spent 266 gold pieces at shops.

Inventory:

Hand Weapons
 a - a +0 hand axe of freezing (weapon)
 g - a +2 spear of venom
 i - a +2 whip of flaming
Armour
 f - a +2 robe of fire resistance
 n - a +1 chain mail (worn)
Wands
 z - a wand of flame (28)
Scrolls
 e - a scroll of brand weapon
 j - 3 scrolls of teleportation {unknown}
 m - a scroll of poison {unknown}
 s - a scroll of immolation {unknown}
 t - a scroll of identify
 v - 2 scrolls of vulnerability {unknown}
 x - a scroll of summoning {unknown}
 y - 4 scrolls of magic mapping {unknown}
Potions
 b - a potion of haste {unknown}
 c - a potion of brilliance {unknown}
 d - a potion of invisibility {unknown}
 h - a potion of attraction {unknown}
 k - 2 potions of lignification {unknown}
 l - a potion of heal wounds
 o - 2 potions of resistance {unknown}
 p - 2 potions of magic
 q - 2 potions of flight {unknown}
 r - a potion of degeneration {unknown}
 u - a potion of might
 w - 4 potions of curing
 A - a potion of mutation


   Skills:
 + Level 8.6 Fighting
 + Level 8.7 Axes
 + Level 8.2 Armour
 - Level 3.0 Dodging


You had 7 spell levels left.
You didn't know any spells.
Your spell library was empty.

Dungeon Overview and Level Annotations

Branches:
Dungeon (5/15) Zot: 25884  Temple (0/1) D:5         Ossuary (visited)

Altars:
Wu Jian

Shops:
D:4 !


Innate Abilities, Weirdness & Mutations

You have a pair of horns on your head.
You reflexively headbutt those who attack you in melee.


Message History

Unknown command.
You slash the orc! You freeze the orc.
You kill the orc!
Trog accepts your kill.
* * * LOW HITPOINT WARNING * * *
You feel sick.
Unknown command.
Unknown command.
Unknown command.
You are too berserk!
You are too berserk!
* * * LOW HITPOINT WARNING * * *
You feel sick.
The centaur wields a +0 shortbow.
The centaur shoots an arrow.
The arrow hits you but does no damage.
Unknown command.
Unknown command.
Unknown command.
Unknown command.
Unknown command.
You feel a strong urge to attack something.
* * * LOW HITPOINT WARNING * * *
You feel very sick.
Unknown command.
Unknown command.
Unknown command.
* * * LOW HITPOINT WARNING * * *
You feel sick.
Unknown command.
Unknown command.
Unknown command.
You feel your anger nearly subside.
* * * LOW HITPOINT WARNING * * *
You feel sick.
Unknown command.
Unknown command.
Unknown command.
You are no longer berserk.
You are exhausted.
You feel yourself slow down.
You die...

#.........#
###.....#.###..#
########.##
#...#..##.# ##.#
#..###.###.###.# ###
##........#.# #.##
#....##.....###..
#.##.)....##..>## #.
###....#.....##
#.####...........#
..#....@....)....#
.......###).))...#
#...... #).))..#..
....... #..o<......
....................
#......###....c.....
....... ##.....#)..
#...... #...... ..
......#. #


There were no monsters in sight!

Vanquished Creatures
  Pikel (D:3)
  A wraith (Ossuary)
  Duvessa (D:5)
  An ice beast (D:5)
  A lemure (D:3)
  A gnoll sergeant (D:5)
  2 scorpions (D:5)
  Dowan (D:5)
  4 bullfrog zombies (Ossuary)
  A centaur zombie (Ossuary)
  A hound (D:5)
  A jelly (D:5)
  3 orc priests
  3 scorpion zombies (Ossuary)
  Natasha (thrice) (D:4)
  2 orc wizards
  2 ogre zombies (Ossuary)
  8 gnolls (D:5)
  7 adders
  An ufetubus (D:5)
  4 adder zombies (Ossuary)
  2 worms
  2 dart slugs
  9 orcs
  2 bats (D:1)
  4 endoplasms
  3 giant cockroaches
  4 gnoll zombies (Ossuary)
  4 goblins
  8 hobgoblins
  2 jackals (D:3)
  4 kobolds
  3 quokkas
  9 ball pythons
  5 frilled lizards
  2 goblin zombies (Ossuary)
  A hobgoblin zombie (Ossuary)
  4 orc zombies (Ossuary)
  7 rats
124 creatures vanquished.

Vanquished Creatures (others)
  A plant (D:3)
1 creature vanquished.

Grand Total: 125 creatures vanquished

Notes
Turn   | Place    | Note
-------+----------+-------------------------------------------
     0 | D:1      | protoss039 the Minotaur Berserker began the quest for the
                  | Orb.
     0 | D:1      | Reached XP level 1. HP: 19/19 MP: 0/0
    39 | D:1      | Found a faded altar of an unknown god.
   355 | D:1      | Reached XP level 2. HP: 27/27 MP: 1/1
   912 | D:1      | Reached ** piety under Trog
  1222 | D:2      | Reached XP level 3. HP: 33/33 MP: 2/2
  2562 | D:3      | Reached XP level 4. HP: 38/41 MP: 3/3
  2816 | D:4      | Noticed Pikel
  2816 | D:4      | Noticed a lemure
  2817 | D:4      | Noticed a lemure
  2910 | D:3      | Killed a lemure
  2947 | D:3      | Killed Pikel
  2948 | D:3      | Reached skill level 5 in Armour
  2948 | D:3      | Reached XP level 5. HP: 50/50 MP: 4/4
  2948 | D:3      | Reached XP level 6. HP: 57/57 MP: 5/5
  2948 | D:3      | Reached XP level 7. HP: 63/63 MP: 6/6
  3080 | D:4      | Noticed Natasha
  3086 | D:4      | Killed Natasha
  3150 | D:4      | Found Kytwahof's Distillery.
  3247 | D:4      | Noticed Natasha
  3261 | D:4      | Killed Natasha
  3271 | D:4      | Found a sand-covered staircase.
  3305 | Ossuary  | Entered an ossuary
  3806 | Ossuary  | Reached *** piety under Trog
  4003 | Ossuary  | Noticed a wraith
  4016 | Ossuary  | Killed a wraith
  4017 | Ossuary  | Reached XP level 8. HP: 72/73 MP: 7/7
  4021 | Ossuary  | Noticed a silent spectre
  4225 | D:4      | Noticed Natasha
  4234 | D:4      | Killed Natasha
  4343 | D:4      | Bought a potion of magic for 112 gold pieces
  4343 | D:4      | Bought a potion of mutation for 112 gold pieces
  4343 | D:4      | Bought a potion of curing for 42 gold pieces
  4395 | D:5      | Entered Level 5 of the Dungeon
  4395 | D:5      | Found a staircase to the Ecumenical Temple.
  4504 | D:5      | Found an ornate altar of the Wu Jian Council.
  4504 | D:5      | Noticed Dowan
  4505 | D:5      | Noticed Duvessa
  4514 | D:5      | Killed Duvessa
  4518 | D:5      | Killed Dowan
  4802 | D:5      | HP: 5/112 [poisoned by a gnoll sergeant]
  4804 | D:5      | HP: 2/112 [poisoned by a gnoll sergeant]
  4805 | D:5      | Succumbed to a gnoll sergeant's poison

Illustrated notes

Levels and vault maps discovered:
D:1:      minmay_arrival_hallway, layout_loops_ring,
          nicolae_ecumenical_lake_church, chequers_serial_rivers_small_3
D:2:      layout_loops_ring
D:3:      layout_rooms, chequers_big_river
D:4:      layout_basic, serial_shops, shop, enter_ossuary_5,
          serial_bayou_pond_e, uniq_natasha, uniq_pikel
D:5:      layout_rooms, nzn_wu_jian_contemplation,
          mainiacjoe_overflow_tiny_flanked,
          minmay_temple_entry_drinking_statues, uniq_duvessa

Skill      XL: |  1  2  3  4  5  6  7  8 |
---------------+-------------------------+-----
Dodging        | 3 |  3.0
Axes           | 4 6 7 8 |  8.7
Fighting       | 4 6 7 8 |  8.6
Armour         | 3 5 6 8 |  8.2

Action                   |  1- 3 |  4- 6 |  7- 9 || total
-------------------------+-------+-------+-------++-------
Melee: Hand axe          |    87 |     2 |   161 ||   250
       Headbutt          |     5 |       |    36 ||    41
       Punch             |     1 |       |     1 ||     2
       Spear             |       |     7 |    21 ||    28
Invok: Berserk           |       |     1 |     6 ||     7
  Use: Scroll            |       |     5 |       ||     5
       Potion            |       |     2 |     2 ||     4
Armor: Animal skin       |     8 |       |       ||     8
       Leather armour    |     1 |       |       ||     1
       Ring mail         |       |    15 |    71 ||    86
       Chain mail        |       |       |    32 ||    32
Dodge: Dodged            |    51 |    22 |   103 ||   176
